 Dungeon Crawl Stone Soup version 0.26-a0-940-gf7e0b5f775 (webtiles) character file.

Game seed: 14336946910657185089

598438 dolemite99 the Slayer (level 26, -4/244 HPs)
             Began as a Minotaur Fighter on Nov 26, 2020.
             Was the Champion of Nemelex Xobeh.
             Slain by a golden dragon (6 damage)
             ... on level 1 of the Realm of Zot on Nov 28, 2020.
             The game lasted 03:18:05 (110372 turns).

dolemite99 the Slayer (Minotaur Fighter)          Turns: 110372, Time: 03:18:06

Health: -4/244     AC: 32    Str: 23    XL:     26   Next: 41%
Magic:  0/31       EV: 21    Int: 11    God:    Nemelex Xobeh [******]
Gold:   432        SH:  0    Dex: 14    Spells: 23/43 levels left

rFire    + + .     SeeInvis +   a - +7 battleaxe (vamp)
rCold    + . .     Faith    .   (shield currently unavailable)
rNeg     + + +     Spirit   +   f - +6 pearl dragon scales "Moxkam" {+Inv rPois rN+ Regen+ SInv}
rPois    +         Reflect  .   u - +1 hat {MR+}
rElec    .         Harm     .   r - scarf {rC+ rF+}
rCorr    +         Rampage  .   i - +2 pair of gloves of Valour {rPois Str-4 SInv}
MR       +++..                  k - +1 pair of boots "Fedyun" {rN+}
Stlth    +.........             R - amulet "Kouzef" {Spirit rN+ Dex+3 SInv}
HPRegen  0.90/turn              g - ring of resist corrosion
MPRegen  0.22/turn              d - ring "Gid Qono" {rF+ MR+ Int+6 Dex-3 Stlth+, =R}

@: berserk cooldown, slowed, very slow
A: retaliatory headbutt, horns 2, clumsy 1, low mp 1
}: 3/15 runes: decaying, slimy, gossamer
a: Draw Escape, Draw Destruction, Draw Summoning, Triple Draw, Deal Four, Stack
Five, Renounce Religion, Evoke Invisibility


You were on level 1 of the Realm of Zot.
You worshipped Nemelex Xobeh.
Nemelex Xobeh was exalted by your worship.
You visited 11 branches of the dungeon, and saw 52 of its levels.
You visited 2 bazaars.
You visited 1 ziggurat, and saw 9 of its levels.

You collected 9713 gold pieces.
You spent 9281 gold pieces at shops.

Inventory:

Hand Weapons
 a - a +7 vampiric battleaxe (weapon)
 b - the +8 storm bow {elec, penet}
   (You found it on level 5 of the Pits of Slime)

   It charges the ammunition it shoots with electricity; occasionally upon a
   hit, such missiles may discharge and cause terrible harm.
   Ammo fired by it will pass through the targets it hits, potentially hitting
   all targets in its path until it reaches maximum range.
 m - a +2 battleaxe of electrocution
 F - the +6 dagger "Nuibre" {protect, +Blink rElec}
   (You found it on level 4 of the Depths)

   It grants its wielder temporary protection when it strikes (+7 to AC).
   It insulates you from electricity.
   It lets you blink.
Missiles
 h - 975 arrows
Armour
 f - the +6 pearl dragon scales "Moxkam" (worn) {+Inv rPois rN+ Regen+ SInv}
   (You found it on level 8 of a ziggurat)

   It protects you from poison.
   It protects you from negative energy.
   It lets you see invisible.
   It lets you turn invisible.
   It increases your rate of regeneration.
 i - the +2 pair of gloves of Valour (worn) {rPois Str-4 SInv}
   (You found it on level 4 of the Depths)

   It affects your strength (-4).
   It protects you from poison.
   It lets you see invisible.
 k - the +1 pair of boots "Fedyun" (worn) {rN+}
   (You found it on level 6 of a ziggurat)

   It protects you from negative energy.
 r - a scarf of resistance (worn)
 u - a +1 hat of magic resistance (worn)
 G - +3 pearl dragon scales
Jewellery
 c - the ring of Jozicw {rF- rC++ MP+9 Int+2}
   (You found it on level 2 of the Swamp)

   [ring of magical power]

   It affects your intelligence (+2).
   It makes you vulnerable to fire.
   It greatly protects you from cold.
   It affects your magic capacity (+9).
 d - the ring "Gid Qono" (right hand) {rF+ MR+ Int+6 Dex-3 Stlth+, =R}
   (You bought it in a shop on level 3 of the Depths)

   [ring of protection from magic]

   It affects your intelligence (+6).
   It affects your dexterity (-3).
   It protects you from fire.
   It affects your resistance to hostile enchantments.
   It makes you more stealthy.
 e - an uncursed ring of poison resistance
 g - a ring of resist corrosion (left hand)
 H - the ring "Hiastrixt" {rF+ Str+4}
   (You found it on level 6 of a ziggurat)

   [ring of protection from fire]

   It affects your strength (+4).
   It protects you from fire.
 R - the amulet "Kouzef" (around neck) {Spirit rN+ Dex+3 SInv}
   (You took it off a deep elf high priest on level 3 of the Elven Halls)

   [amulet of guardian spirit]

   It causes incoming damage to be split between your health and magic.
   It affects your dexterity (+3).
   It protects you from negative energy.
   It lets you see invisible.
Wands
 j - a wand of disintegration (43)
 o - a wand of digging (15)
 v - a wand of acid (1)
 z - a wand of paralysis (16)
 L - a wand of enslavement (17)
 P - a wand of polymorph (36)
 Y - a wand of iceblast (6)
Scrolls
 l - 30 scrolls of remove curse {@r2}
 n - 19 scrolls of teleportation
 q - 4 scrolls of silence
 t - 6 scrolls of fog
 y - 4 scrolls of vulnerability
 C - 21 scrolls of identify {@r1}
 M - 5 scrolls of magic mapping
 S - 4 scrolls of immolation
Potions
 p - 5 potions of ambrosia
 s - 18 potions of brilliance
 w - a potion of invisibility
 A - 7 potions of curing
 B - 7 potions of cancellation
 D - a potion of attraction
 E - 2 potions of resistance
 I - 6 potions of magic
 N - 8 potions of haste
 T - 5 potions of berserk rage
 U - 8 potions of might
 X - 3 potions of flight
 Z - 7 potions of mutation
Miscellaneous
 x - a lightning rod (4/4) (quivered)
 J - a phantom mirror
 O - a phial of floods
 Q - a condenser vane
 V - a tin of tremorstones (2/2)
 W - a box of beasts


   Skills:
 - Level 21.0 Fighting
 - Level 19.5(20.1) Axes
 - Level 9.4(15.6) Maces & Flails
 - Level 17.0 Bows
 - Level 20.1 Armour
 - Level 18.4 Dodging
 - Level 3.6 Shields
 - Level 9.0 Spellcasting
 - Level 7.0 Necromancy
 - Level 8.0 Translocations
 - Level 9.6 Air Magic
 + Level 4.9 Earth Magic
 - Level 14.2 Invocations
 - Level 12.0 Evocations


You had 23 spell levels left.
You knew the following spells:

 Your Spells              Type           Power        Failure   Level
a - Passage of Golubria   Tloc           N/A          10%         4
b - Animate Dead          Necr           ###.......   16%         4
c - Swiftness             Air            ####....     1%          2
d - Mephitic Cloud        Conj/Pois/Air  ##......     22%         3
e - Corona                Hex            #......      26%         1
f - Passwall              Tmut/Erth      ##......     14%         2
g - Apportation           Tloc           ###...       1%          1
s - Animate Skeleton      Necr           ###...       1%          1
z - Blink                 Tloc           N/A          1%          2

Your spell library contained the following spells:

 Spells                   Type           Power        Failure   Level
 Pain                     Necr           ###.         1%          1
 Corpse Rot               Necr/Air       N/A          1%          2
 Sublimation of Blood     Necr           ###.......   2%          2
 Sandblast                Erth           ###...       3%          1
 Shock                    Conj/Air       ###.         3%          1
 Gell's Gravitas          Tloc           ###.......   3%          3
 Vampiric Draining        Necr           ###.......   4%          3
 Airstrike                Air            ####......   5%          4
 Static Discharge         Conj/Air       ###.....     11%         3
 Dispel Undead            Necr           ###.....     16%         4
 Beastly Appendage        Tmut           #.....       26%         1
 Foxfire                  Conj/Fire      #...         26%         1
 Magic Dart               Conj           #...         26%         1
 Sting                    Tmut/Pois      #...         26%         1
 Summon Small Mammal      Summ           #...         26%         1
 Stone Arrow              Conj/Erth      ##....       28%         3
 Summon Lightning Spire   Summ/Air       ###.....     36%         4
 Call Imp                 Summ           #.......     38%         2
 Ensorcelled Hibernation  Hex/Ice        #.....       38%         2
 Searing Ray              Conj           #.....       38%         2
 Slow                     Hex            #.......     38%         2
 Wereblood                Tmut           #.......     38%         2
 Agony                    Necr           ###.....     38%         5
 Excruciating Wounds      Necr           ###.......   38%         5
 Iskenderun's Mystic Bla  Conj/Tloc      ##......     45%         4
 Borgnjor's Vile Clutch   Necr/Erth      ###.......   54%         5
 Call Canine Familiar     Summ           #.......     63%         3
 Confusing Touch          Hex            #.......     63%         3
 Conjure Flame            Conj/Fire      #.......     63%         3
 Dazzling Flash           Conj/Hex       #.....       63%         3
 Ignite Poison            Fire/Tmut/Pois #.......     63%         3
 Inner Flame              Hex/Fire       #.......     63%         3
 Spider Form              Tmut/Pois      #.........   63%         3
 Summon Guardian Golem    Hex/Summ       #.......     63%         3
 Tukima's Dance           Hex            #.......     63%         3
 Leda's Liquefaction      Hex/Erth       ##........   67%         4
 Petrify                  Tmut/Erth      ##......     67%         4
 Lee's Rapid Deconstruct  Erth           ###.......   67%         5
 Lightning Bolt           Conj/Air       ###.......   71%         5
 Silence                  Hex/Air        ###.......   71%         5
 Summon Forest            Summ/Tloc      ##........   82%         5
 Death Channel            Necr           ###.......   93%         6
 Cause Fear               Hex            #.........   95%         4
 Fulminant Prism          Conj/Hex       #.........   95%         4
 Ice Form                 Ice/Tmut       #.......     95%         4
 Sticky Flame             Conj/Fire      #.......     95%         4
 Summon Ice Beast         Ice/Summ       #.......     95%         4
 Bolt of Magma            Conj/Fire/Erth #.........   98%         5
 Alistair's Intoxication  Tmut/Pois      #........    100%        5
 Blade Hands              Tmut           #.........   100%        5
 Fireball                 Conj/Fire      #.........   100%        5
 Irradiate                Conj/Tmut      #.........   100%        5
 Iskenderun's Battlesphe  Conj           #.......     100%        5
 Metabolic Englaciation   Hex/Ice        #.........   100%        5
 Summon Demon             Summ           #.........   100%        5
 Summon Mana Viper        Hex/Summ       #.......     100%        5
 Yara's Violent Unravell  Hex/Tmut       #.........   100%        5
 Eringya's Noxious Bog    Tmut/Pois      #.........   100%        6
 Hydra Form               Tmut           #.........   100%        6
 Invisibility             Hex            #.......     100%        6
 Iron Shot                Conj/Erth      ##........   100%        6
 Shadow Creatures         Summ           N/A          100%        6
 Simulacrum               Ice/Necr       ##........   100%        6
 Starburst                Conj/Fire      #.........   100%        6
 Statue Form              Tmut/Erth      ##.......    100%        6
 Dragon Form              Tmut           #.........   100%        7
 Orb of Destruction       Conj           #.........   100%        7
 Spellforged Servitor     Conj/Summ      #.........   100%        7
 Summon Hydra             Summ           #.........   100%        7
 Discord                  Hex            #.........   100%        8
 Ignition                 Fire           #.........   100%        8
 Shatter                  Erth           ###.......   100%        9
 Tornado                  Air            ####......   100%        9


Dungeon Overview and Level Annotations

Branches:
Dungeon (15/15)            Temple (0/1) D:7            Lair (6/6) D:8
  Swamp (4/4) Lair:2       Spider (4/4) Lair:3        Slime (5/5) Lair:5
    Orc (2/2) D:9             Elf (3/3) Orc:2        Vaults (4/5) D:14
  Crypt (3/3) Vaults:2       Tomb (0/3) Crypt:3      Depths (5/5) D:15
    Zot (1/5) Depths:5

Altars:
Ashenzari
Cheibriados
Elyvilon
Fedhas
Gozag
Hepliaklqana
Kikubaaqudgha
Nemelex Xobeh
Okawaru
Ru
Trog
Beogh
Jiyva

Shops:
D:4 :*(*[   D:8 =   D:10 (   D:12 =   Orc:2 !(*:   Elf:1 }   Elf:2 :
Vaults:2 (   Vaults:3 (*}   Depths:3 ==}?

Portals:
Hell: Depths:1 Depths:2 Depths:3 Depths:4 Depths:5
Abyss: Depths:2 Depths:4 Depths:5
Pandemonium: Orc:2 Depths:3


Innate Abilities, Weirdness & Mutations

You reflexively headbutt those who attack you in melee.
You have a pair of horns on your head.
You are clumsy. (Dex -2)
Your magical capacity is low. (-10% MP)


Message History

The red draconian annihilator blinks!
The golden dragon breathes cold at you. The bolt of cold misses you.
A red draconian comes into view.
It is wielding a +0 short sword of venom.
You hear a roar!
Casting: Apportation (safe; 1% risk of failure)
Confirm with . or Enter, or press ? or * to list all spells.
Aiming: Passage of Golubria (mildly dangerous; 10% risk of failure)
Press: ? - help, Dir - move target The Orb disrupts the stability of your passage!
You are no longer corroded.
The white draconian stormcaller seems to regain its courage.
The red draconian annihilator seems to regain its courage.
The red draconian hits you with a +0 morningstar!!
* * * LOW HITPOINT WARNING * * *
The golden dragon bites you!
* * * LOW HITPOINT WARNING * * *
The golden dragon claws you.
You die...
Your body glows with a rainbow of weird colours and disappears.

#(..........#####
.(...............
.....?.............
#(...........d....
#.(..............
#..($.q^..q.q..###
#...([..§........#
#.§...d#[........#
####.[@D.........#
#.†)....∩.##
#.........#
#......#####
......⌠..#
#.........#
#...>....)#
##.......##
#####...#


You could see a black draconian monk, a golden dragon, 2 draconians, a white
draconian stormcaller and a red draconian annihilator.

Vanquished Creatures
  the Royal Jelly (Slime:5)
  2 juggernauts (Depths:4)
  A pandemonium lord (Zig:3)
  A royal mummy (Zig:6)
  Boris (Depths:4)
  The ghost of DizzySkin the Executioner, a veteran MiBe of Trog (Vaults:3)
  A caustic shrike (Slime:5)
  5 golden dragons
  Jory (Depths:4)
  Arachne (Spider:4)
  2 bone dragons (Depths:5)
  Jorgrun (D:13)
  3 liches
  2 tentacled monstrosities (Depths:4)
  2 deep elf blademasters (Elf:3)
  2 deep elf master archers (Elf:3)
  6 sphinxes
  A quicksilver dragon (Depths:5)
  A death cob (Zot:1)
  A titan (Depths:4)
  14 acid blobs
  An ancient champion (Crypt:1)
  2 tengu reavers
  Donald (Spider:2)
  Roxanne (Spider:4)
  2 shadow dragons
  A thorn hunter (Swamp:4)
  6 storm dragons
  3 draconian monks
  3 revenants
  14 azure jellies
  9 fire giants
  8 deep elf sorcerers
  A draconian knight (Zig:5)
  8 emperor scorpions
  7 vault wardens
  A draconian stormcaller (Zig:5)
  6 frost giants
  4 iron dragons
  A draconian scorcher (Depths:5)
  2 draconian shifters
  5 ghouls
  2 deep elf elementalists (Elf:3)
  A cacodemon (Depths:3)
  A curse skull (Crypt:3)
  3 ghost moths (Spider:4)
  5 ironheart preservers
  22 stone giants
  A war gargoyle (Crypt:3)
  3 spriggan defenders (Depths:5)
  A draconian annihilator (Depths:5)
  2 deep elf demonologists
  2 entropy weavers
  18 very ugly things
  10 vampire knights
  5 deep elf annihilators
  A corrupter (Zig:3)
  5 black draconians
  2 purple draconians
  5 spark wasps
  A red draconian (Depths:5)
  2 green draconians
  A bunyip (shapeshifter) (Depths:2)
  6 bunyips
  2 white draconians
  6 yellow draconians
  The ghost of Xeduwoy the Archer, a journeyman CeAM of Okawaru (Lair:6)
  2 crystal guardians
  2 eleionomae
  The ghost of Luuwnalu the Nimble, a journeyman KoHu of Okawaru (Lair:3)
  An eidolon (Crypt:1)
  The ghost of Xuonedoj the End of an Era, a journeyman DsGl of Qazlal (Orc:1)
  Josephine (Spider:1)
  15 ettins
  12 great orbs of eyes
  7 deep elf death magi
  2 mummy priests (Zig:6)
  13 death oozes
  11 fire dragons
  12 yaktaur captains
  4 deep elf high priests (Elf:3)
  The ghost of robertstho the Grappler, a journeyman TrFi of Okawaru (D:10)
  The ghost of Ypehuijo the Spear-Bearer, a journeyman OpFi of Gozag (Lair:5)
  5 vault guards
  A shambling mangrove (Swamp:1)
  14 jiangshi
  9 boulder beetles
  2 rakshasas
  3 spriggan air magi
  19 hydras
  10 ice dragons
  7 centaur warriors
  An anaconda (Zig:7)
  2 death knights
  8 ogre magi
  A satyr (shapeshifter) (Vaults:3)
  13 two-headed ogres
  15 dancing weapons
  11 death yaks
  7 deep troll shamans
  6 alligators
  6 deep troll earth magi
  A titan zombie (Crypt:3)
  4 orc high priests (Orc:2)
  5 tengu warriors
  7 hell knights
  13 vampire magi
  A titan skeleton (Crypt:3)
  11 spriggan berserkers
  Urug (Lair:1)
  A shadow wraith (Vaults:4)
  Sonja (D:13)
  Nergalle (D:12)
  A storm dragon zombie (Crypt:3)
  A fire crab (Lair:1)
  21 deep elf knights
  A sun demon (Orc:2)
  4 soul eaters
  3 iron trolls
  A spriggan druid (Swamp:3)
  A sea snake (shapeshifter) (Depths:4)
  25 deep trolls
  5 goliath frogs
  A salamander mystic (Depths:5)
  27 skeletal warriors
  4 unseen horrors
  3 torturous demonspawn (Orc:2)
  2 flayed ghosts
  9 swamp dragons
  4 golden dragon skeletons
  5 wizards
  12 deep elf archers
  A gelid demonspawn (Orc:2)
  3 glowing orange brains
  An orange crystal statue (D:15)
  7 bog bodies
  An obsidian statue (D:13)
  2 lindwurms
  9 phantasmal warriors
  A bunyip skeleton (Crypt:1)
  10 ironbrand convokers
  8 harpies
  A mana viper (Spider:4)
  A mana viper (shapeshifter) (Depths:4)
  6 necromancers
  An orb spider (shapeshifter) (Vaults:1)
  13 orc knights
  20 orb spiders
  44 ugly things
  A fire giant zombie (Crypt:3)
  3 manticores
  69 deep elf magi
  10 orc sorcerers
  6 cyclopes
  5 shining eyes
  2 salamanders (Depths:5)
  33 wolf spiders
  2 will-o-the-wisps
  A cyclops (shapeshifter) (Elf:3)
  6 fire giant skeletons (Crypt:3)
  A naga mage (D:15)
  A black mamba (shapeshifter) (Vaults:2)
  2 guardian serpents
  2 centaur zombies
  An elephant (shapeshifter) (Depths:2)
  13 elephants
  7 vault sentinels
  3 moths of wrath
  3 molten gargoyles (Lair:6)
  Joseph (D:10)
  A water nymph (Swamp:4)
  11 black mambas
  A cane toad (shapeshifter) (Depths:4)
  6 eyes of devastation
  Maurice (D:13)
  An orange demon (Orc:2)
  A torpor snail (Spider:1)
  4 gargoyles
  A smoke demon (Orc:2)
  11 cane toads
  A dire elephant skeleton (Crypt:1)
  A rime drake (shapeshifter) (Vaults:1)
  2 emperor scorpion zombies
  4 centaur skeletons
  14 komodo dragons
  8 freezing wraiths
  13 demonic crawlers
  A pale draconian zombie (Crypt:1)
  A hellion (Zig:3)
  Maggie (D:6)
  5 efreet
  4 tengu conjurers
  45 yaktaurs
  A hellwing (Depths:3)
  A red devil (Depths:3)
  A guardian mummy (Zig:6)
  A grey draconian skeleton (Crypt:2)
  15 trolls
  A jumping spider (shapeshifter) (Depths:1)
  32 jumping spiders
  3 bloated husks
  A tengu simulacrum (Vaults:3)
  A queen bee (Lair:6)
  3 polar bears
  2 harpy zombies
  4 merfolk
  8 blink frogs
  8 tyrant leeches
  Prince Ribbit (Lair:3)
  A raiju (Spider:4)
  A meliai zombie (D:14)
  48 slime creatures
  11 dream sheep
  A fire dragon zombie (Crypt:3)
  19 hornets
  An ice dragon zombie (Crypt:3)
  A moth of wrath zombie (Crypt:2)
  A guardian serpent skeleton (Crypt:2)
  51 redbacks
  3 shadows
  Sigmund (D:4)
  An ettin skeleton (Crypt:1)
  11 fire dragon skeletons (Crypt:3)
  4 flying skulls (Crypt:2)
  2 centaur simulacra
  5 vampires (Crypt:3)
  2 air elementals
  5 water elementals
  18 wraiths
  5 wyverns
  25 tarantellas
  A tarantella (shapeshifter) (Elf:2)
  An ushabti (Zig:6)
  36 yaks
  A wyvern (shapeshifter) (Depths:2)
  2 ynoxinuls (Orc:2)
  A human (Spider:4)
  11 spriggans
  16 basilisks
  4 fire elementals
  2 human simulacra
  2 chaos spawn
  15 golden eyes
  A steam dragon (Lair:6)
  11 vampire mosquitoes
  A warg (Orc:1)
  Menkaure (D:4)
  14 swamp worms
  A soldier ant (shapeshifter) (Vaults:1)
  A water nymph zombie (Crypt:1)
  15 water moccasins
  2 acid dragons
  4 hell hounds (Lair:6)
  5 floating eyes
  Duvessa (D:4)
  48 orc warriors
  3 phantoms
  An elephant zombie (Crypt:2)
  A swamp dragon zombie (Crypt:3)
  15 swamp drakes
  5 sky beasts
  A black bear (Lair:5)
  10 eyes of draining
  3 ice beasts
  3 ettin simulacra (Depths:3)
  3 necrophages
  27 ogres
  14 wolves
  6 boggarts
  20 centaurs
  A big kobold (shapeshifter) (Vaults:4)
  17 bullfrogs
  A big kobold (Depths:1)
  An elf skeleton (Crypt:3)
  5 earth elementals
  A water moccasin zombie (D:6)
  A wyvern skeleton (D:11)
  Dowan (D:4)
  A scorpion (D:9)
  A polar bear zombie (Crypt:2)
  3 killer bees (D:8)
  An elf simulacrum (Vaults:2)
  3 wights (D:8)
  A howler monkey (D:13)
  6 electric eels
  4 lava snakes (Lair:6)
  3 bullfrog zombies
  2 yaktaur simulacra (Vaults:1)
  4 jellies
  13 hounds
  4 bullfrog skeletons
  34 orc priests
  22 orc wizards
  An iron imp (Depths:1)
  12 human skeletons (Vaults:3)
  5 iguanas
  7 worker ants
  A demigod zombie (Crypt:2)
  A naga zombie (Crypt:2)
  2 tengu skeletons
  A hound zombie (D:7)
  A naga skeleton (Crypt:2)
  2 hound skeletons (D:11)
  6 mummies (Zig:6)
  2 howler monkey zombies
  2 worker ant zombies
  14 gnolls
  16 adders
  15 white imps
  2 ufetubi
  An ooze (D:5)
  An adder skeleton (D:5)
  3 worms
  5 leopard geckos
  106 orcs
  5 giant cockroaches
  6 goblins
  6 hobgoblins
  10 jackals
  7 kobolds
  4 quokkas
  8 bats
  3 frilled lizards
  A giant cockroach zombie (D:5)
  A leopard gecko zombie (D:8)
  2 quokka skeletons
  3 rats
  28 briar patches
2114 creatures vanquished.

Vanquished Creatures (collateral kills)
  An ancient lich (Crypt:3)
  A bone dragon (Crypt:3)
  A lich (Depths:2)
  An acid blob (Slime:5)
  A sphinx (Depths:5)
  A draconian monk (Zot:1)
  A draconian knight (Zig:8)
  A vault warden (Vaults:4)
  Aizul (Swamp:1)
  2 frost giants
  An emperor scorpion (Spider:4)
  Louise (Swamp:1)
  5 very ugly things (Depths:1)
  An entropy weaver (Vaults:2)
  A stone giant (Depths:1)
  A black draconian (Vaults:2)
  A spark wasp (Depths:5)
  An eleionoma (Swamp:3)
  An ettin (Depths:4)
  A quicksilver dragon zombie (Crypt:3)
  A boulder beetle (Spider:4)
  A great orb of eyes (Depths:3)
  Erolcha (D:9)
  A spriggan air mage (Depths:3)
  3 ice dragons
  3 hydras (Swamp:4)
  5 vault guards (Vaults:2)
  An ogre mage (Depths:2)
  An alligator (Swamp:1)
  A two-headed ogre (Depths:2)
  2 deep troll earth magi
  A vampire mage (Crypt:2)
  2 death yaks
  A death scarab (Zig:6)
  A spriggan berserker (Depths:3)
  A spriggan (Depths:3)
  A goliath frog (Swamp:3)
  An iron troll (Depths:1)
  5 skeletal warriors
  3 spriggan druids
  2 deep trolls (Depths:5)
  A necromancer (Depths:3)
  2 deep elf archers (Vaults:2)
  4 deep elf magi
  An ironbrand convoker (Vaults:2)
  4 wolf spiders
  4 orb spiders (Spider:4)
  A will-o-the-wisp (Swamp:1)
  2 ugly things
  2 elephants (Lair:6)
  A vault sentinel (Vaults:2)
  A black mamba (Lair:6)
  2 cane toads (Lair:3)
  2 demonic crawlers (Spider:4)
  A yaktaur (Depths:1)
  A hellwing (Orc:2)
  A tyrant leech (Swamp:1)
  4 jumping spiders
  A hornet (Depths:3)
  2 slime creatures (Slime:1)
  3 blink frogs
  A flying skull (Crypt:2)
  8 redbacks
  6 tarantellas
  6 yaks (D:10)
  3 swamp worms
  4 swamp drakes (Swamp:4)
  3 wolves (Lair:3)
  An ogre (Depths:2)
  2 killer bees (D:8)
  An electric eel (Lair:3)
  An orc priest (Orc:2)
  A hound (D:9)
  A worm (Vaults:2)
  2 orcs (Orc:2)
143 creatures vanquished.

Vanquished Creatures (others)
  A draconian monk (Zig:8)
  A very ugly thing (Depths:1)
  A spark wasp (Depths:5)
  A tengu warrior (Depths:3)
  A deep troll earth mage (Depths:5)
  2 spriggans (Depths:3)
  A deep elf knight (Elf:2)
  A deep troll (Depths:3)
  2 wolf spiders (Spider:2)
  An elephant (Lair:6)
  A cane toad (shapeshifter) (Depths:4)
  A gargoyle (Crypt:3)
  A troll (Vaults:3)
  A jumping spider (Spider:3)
  2 hornets (Depths:3)
  A dream sheep (Lair:6)
  2 blink frogs (Lair:6)
  A water elemental (Elf:2)
  4 swamp worms (Swamp:2)
  An orc wizard (Vaults:3)
  10 ball lightnings
  5 orcs
  17 briar patches (Swamp:2)
  4 bushes (Lair:6)
  14 foxfires
  60 fungi
  85 plants
  20 withered plants (Crypt:3)
242 creatures vanquished.

Grand Total: 2499 creatures vanquished

Notes
Turn   | Place    | Note
-------+----------+-------------------------------------------
     0 | D:1      | dolemite99 the Minotaur Fighter began the quest for the
                  | Orb.
     0 | D:1      | Reached XP level 1. HP: 19/19 MP: 0/0
     1 | D:1      | Noticed an electric eel
   486 | D:2      | Reached XP level 2. HP: 26/26 MP: 1/1
   516 | D:2      | Reached XP level 3. HP: 23/31 MP: 2/2
   959 | D:2      | Reached skill level 5 in Maces & Flails
  1161 | D:2      | Found a sparkling altar of Nemelex Xobeh.
  1165 | D:2      | Became a worshipper of Nemelex Xobeh the Trickster
  1336 | D:3      | Reached XP level 4. HP: 39/39 MP: 3/3
  1478 | D:3      | Found a bloodstained altar of Trog.
  2107 | D:3      | Reached XP level 5. HP: 45/45 MP: 4/4
  2832 | D:4      | Found Fypsim's Assorted Antiques.
  2847 | D:4      | Bought a scroll labelled INULUERIGGUO for 19 gold pieces
  2847 | D:4      | Bought a scroll labelled ASON UNGUJ for 19 gold pieces
  2847 | D:4      | Bought a scroll labelled TOISAOCEMP for 19 gold pieces
  2847 | D:4      | Bought a scroll labelled IJELOQU OTOKH for 19 gold pieces
  2861 | D:4      | Reached * piety under Nemelex Xobeh
  2867 | D:4      | Found Kez Ifip's Armour Boutique.
  2873 | D:4      | Bought a +0 pair of gloves for 49 gold pieces
  2904 | D:4      | Received a gift from Nemelex Xobeh
  3162 | D:4      | Noticed an ogre
  3171 | D:4      | Killed an ogre
  3172 | D:4      | Reached XP level 6. HP: 51/51 MP: 3/5
  3263 | D:4      | Found Ripoos's Book Shoppe.
  3493 | D:4      | Reached skill level 4 in Fighting
  3560 | D:4      | Noticed Menkaure
  3568 | D:4      | Killed Menkaure
  3569 | D:4      | Reached skill level 5 in Fighting
  3569 | D:4      | Reached XP level 7. HP: 50/61 MP: 4/6
  3660 | D:4      | Noticed Dowan
  3661 | D:4      | Noticed Duvessa
  3795 | D:4      | Killed Dowan
  3979 | D:4      | Found Kyuck's Antique Weapon Emporium.
  4038 | D:4      | Found an opulent altar of Gozag.
  4039 | D:4      | Found a blossoming altar of Fedhas.
  4325 | D:4      | Noticed Sigmund
  4350 | D:4      | Killed Sigmund
  4384 | D:4      | Found Xesuoso's Assorted Antiques.
  4453 | D:4      | Bought a scroll labelled NIALIESIAHI for 24 gold pieces
  4554 | D:4      | Bought a copper wand for 96 gold pieces
  4687 | D:5      | Entered Level 5 of the Dungeon
  5006 | D:5      | Reached ** piety under Nemelex Xobeh
  5182 | D:5      | Received a gift from Nemelex Xobeh
  5319 | D:5      | Reached XP level 8. HP: 65/68 MP: 9/9
  5628 | D:4      | Killed Duvessa
  5629 | D:4      | Reached skill level 5 in Invocations
  5783 | D:4      | Bought a scroll of identify for 48 gold pieces
  6222 | D:6      | Found a hazy altar of Hepliaklqana.
  6637 | D:6      | Reached skill level 1 in Bows
  6836 | D:6      | Noticed Maggie
  6843 | D:6      | Killed Maggie
  6844 | D:6      | Reached XP level 9. HP: 74/74 MP: 13/13
  6965 | D:6      | Found a snail-covered altar of Cheibriados.
  7532 | D:7      | Found a staircase to the Ecumenical Temple.
  7630 | D:4      | Bought a pitted steel ring for 120 gold pieces
  7631 | D:4      | Identified the ring "Gaenosh" {Fire Str+2 Int+3} (You
                  | bought it in a shop on level 4 of the Dungeon)
  7703 | D:7      | Found a white marble altar of Elyvilon.
  7726 | D:7      | Reached skill level 5 in Bows
  7915 | D:7      | Found an iron altar of Okawaru.
  8016 | D:7      | Received a gift from Nemelex Xobeh
  8088 | D:7      | Reached *** piety under Nemelex Xobeh
  8782 | D:8      | Found a staircase to the Lair.
  8805 | D:8      | Noticed a troll
  8809 | D:8      | Killed a troll
  9546 | D:8      | Paralysed by a hornet for 1 turns
  9769 | D:8      | Reached XP level 10. HP: 71/81 MP: 16/16
  9890 | D:8      | Found Nebat's Jewellery Shop.
  9913 | D:8      | Bought an uncursed ring of poison resistance for 200 gold
                  | pieces
 10216 | D:8      | Found a sacrificial altar of Ru.
 10615 | D:9      | Received a gift from Nemelex Xobeh
 10686 | D:9      | Noticed Erolcha
 10687 | D:9      | Identified the -2 hand axe of Intabb {vorpal, +Fly rC+}
 10704 | D:9      | Killed Erolcha
 10705 | D:9      | Noticed a two-headed ogre
 11481 | D:9      | Found a staircase to the Orcish Mines.
 11570 | D:9      | a two-headed ogre changed into a dream sheep
 11703 | D:9      | Found a broken altar of Ashenzari.
 11930 | D:10     | Entered Level 10 of the Dungeon
 12031 | D:10     | Reached **** piety under Nemelex Xobeh
 12045 | D:10     | Received a gift from Nemelex Xobeh
 12205 | D:10     | Found a runed translucent door.
 12206 | D:10     | Noticed robertstho's ghost (journeyman TrFi)
 12270 | D:10     | Reached skill level 6 in Fighting
 12488 | D:10     | Found Xuisonei's Weapon Boutique.
 13314 | D:10     | Identified the +7 spear of Breach {pain, rF- rC++ Dex+4
                  | Stlth+}
 13537 | D:10     | Noticed Joseph
 13551 | D:10     | Killed Joseph
 13740 | Lair:1   | Entered Level 1 of the Lair of Beasts
 13741 | Lair:1   | Noticed Urug
 13762 | Lair:1   | Killed Urug
 14233 | Lair:1   | Reached skill level 1 in Axes
 14233 | Lair:1   | Reached XP level 11. HP: 47/91 MP: 14/17
 14818 | Lair:1   | Reached skill level 5 in Axes
 15221 | Lair:1   | Noticed a fire crab
 15230 | Lair:1   | Killed a fire crab
 15678 | Lair:1   | Received a gift from Nemelex Xobeh
 17031 | Lair:2   | Received a gift from Nemelex Xobeh
 17245 | Lair:2   | Reached skill level 10 in Invocations
 17796 | Lair:2   | Found a staircase to the Swamp.
 17829 | Lair:2   | Reached skill level 10 in Axes
 17849 | Lair:2   | Reached ***** piety under Nemelex Xobeh
 17849 | Lair:2   | Received a gift from Nemelex Xobeh
 18197 | Lair:3   | Found a hole to the Spider Nest.
 18523 | Lair:3   | Noticed a death yak
 18523 | Lair:3   | Noticed a death yak
 18528 | Lair:3   | Noticed a death yak
 18530 | Lair:3   | Noticed a death yak
 18536 | Lair:3   | Noticed a death yak
 18541 | Lair:3   | Noticed a death yak
 18552 | Lair:3   | Killed a death yak
 18555 | Lair:3   | Killed a death yak
 18556 | Lair:3   | Reached XP level 12. HP: 51/97 MP: 19/19
 19074 | Lair:3   | Killed a death yak
 19093 | Lair:2   | Killed a death yak
 19110 | Lair:3   | Killed a death yak
 19112 | Lair:3   | Killed a death yak
 19706 | Lair:3   | Received a gift from Nemelex Xobeh
 19713 | Lair:3   | Noticed a seven-headed hydra
 19718 | Lair:3   | Reached skill level 7 in Fighting
 19722 | Lair:3   | a seven-headed hydra changed into a blink frog
 19762 | Lair:3   | Noticed Prince Ribbit
 19766 | Lair:3   | Killed Prince Ribbit
 19777 | Lair:3   | Reached skill level 8 in Fighting
 20082 | Lair:3   | Received a gift from Nemelex Xobeh
 20382 | Lair:3   | Found a runed translucent door.
 20382 | Lair:3   | Noticed Luuwnalu's ghost (journeyman KoHu)
 20548 | Lair:4   | Received a gift from Nemelex Xobeh
 20568 | Lair:4   | Reached skill level 9 in Fighting
 20601 | Lair:4   | Reached skill level 10 in Fighting
 21059 | Lair:4   | Reached skill level 11 in Fighting
 21920 | Lair:5   | Received a gift from Nemelex Xobeh
 22447 | Lair:5   | Found a runed translucent door.
 22451 | Lair:5   | Identified the +7 trident of the Evil Eye {flame, rElec
                  | MP+9}
 22451 | Lair:5   | Noticed Ypehuijo's ghost (journeyman OpFi)
 22464 | Lair:5   | You fall into a shaft and drop 1 floor!
 22464 | Lair:6   | Entered Level 6 of the Lair of Beasts
 22811 | Lair:6   | Reached XP level 13. HP: 117/117 MP: 20/20
 23090 | Lair:6   | Reached skill level 10 in Armour
 24346 | Lair:6   | Reached skill level 10 in Bows
 24921 | Lair:6   | Found a large runed translucent door.
 24921 | Lair:6   | Found a large runed translucent door.
 25435 | Lair:6   | Received a gift from Nemelex Xobeh
 25445 | Lair:6   | Noticed a fire dragon
 25452 | Lair:6   | a fire dragon changed into an ice dragon
 26582 | Lair:6   | Found a runed translucent gate.
 26583 | Lair:6   | Found a runed translucent gate.
 26584 | Lair:6   | Found a runed translucent gate.
 26587 | Lair:6   | Noticed Xeduwoy's ghost (journeyman CeAM)
 26599 | Lair:6   | Reached XP level 14. HP: 76/125 MP: 17/21
 27913 | Lair:5   | Found a viscous altar of Jiyva.
 27914 | Lair:5   | Found a staircase to the Slime Pits.
 28300 | D:10     | Bought a +4 battleaxe for 370 gold pieces
 29867 | D:12     | Found Asioxiut's Jewellery Shoppe.
 29931 | D:12     | Bought an uncursed ring of see invisible for 240 gold
                  | pieces
 30028 | D:12     | Noticed Nergalle
 30043 | D:12     | Killed Nergalle
 30044 | D:12     | Reached skill level 15 in Axes
 30206 | D:12     | Reached ****** piety under Nemelex Xobeh
 30766 | D:13     | Found a gateway to a bazaar.
 30775 | Bazaar   | Entered a bazaar
 30775 | Bazaar   | Received a gift from Nemelex Xobeh
 30781 | Bazaar   | Found Tuic's Jewellery Boutique.
 30799 | Bazaar   | Found Dysh's Antique Armour Emporium.
 30816 | Bazaar   | Found Xyonoep's Book Boutique.
 30833 | Bazaar   | Found Hepsic's Weapon Shoppe.
 30908 | D:13     | Noticed Maurice
 30914 | D:13     | Killed Maurice
 31189 | D:13     | Paralysed by a hornet for 2 turns
 31760 | D:13     | Received a gift from Nemelex Xobeh
 32196 | D:13     | Noticed Jorgrun
 32204 | D:13     | Killed Jorgrun
 32213 | D:13     | Noticed Sonja
 32217 | D:13     | Killed Sonja
 32575 | Orc:1    | Entered Level 1 of the Orcish Mines
 32831 | Orc:1    | Found a large runed translucent door.
 32831 | Orc:1    | Found a large runed translucent door.
 32832 | Orc:1    | Noticed Xuonedoj's ghost (journeyman DsGl)
 32979 | Orc:1    | Received a gift from Nemelex Xobeh
 33153 | Orc:2    | Entered Level 2 of the Orcish Mines
 33162 | Orc:2    | Found a frozen archway.
 33471 | Orc:2    | Received a gift from Nemelex Xobeh
 33616 | Orc:2    | Found a staircase to the Elven Halls.
 34526 | Orc:2    | Found Ruriet's General Store.
 34554 | Orc:2    | Found Xirel's Distillery.
 34681 | Orc:2    | Reached XP level 15. HP: 132/132 MP: 21/23
 34698 | Orc:2    | Bought a phantom mirror for 400 gold pieces
 34703 | Orc:2    | Bought 2 potions of might for 128 gold pieces
 34703 | Orc:2    | Bought a potion of heal wounds for 80 gold pieces
 34703 | Orc:2    | Bought a potion of might for 64 gold pieces
 34703 | Orc:2    | Bought a potion of curing for 48 gold pieces
 34703 | Orc:2    | Bought a potion of curing for 48 gold pieces
 34737 | Orc:2    | Paralysed by an orc sorcerer for 3 turns
 35481 | Orc:2    | Paralysed by an orc sorcerer for 5 turns
 35623 | Orc:2    | Found Osmugozo's Antique Weapon Emporium.
 35623 | Orc:2    | Found Cufiv's Book Shoppe.
 35623 | Orc:2    | Found a one-way gate leading to the halls of Pandemonium.
 36027 | D:13     | Paralysed by a wizard for 6 turns
 36698 | D:14     | Received a gift from Nemelex Xobeh
 37397 | D:14     | Found a gate to the Vaults.
 37722 | D:15     | Entered Level 15 of the Dungeon
 38096 | D:15     | Identified the +8 trident of the Vestibule of Hell
                  | {protect, rElec MR- Int+4}
 38226 | D:15     | Received a gift from Nemelex Xobeh
 38669 | D:15     | Found a staircase to the Depths.
 38687 | D:15     | Reached skill level 12 in Fighting
 39384 | Spider:1 | Entered Level 1 of the Spider Nest
 40183 | Swamp:1  | Entered Level 1 of the Swamp
 40183 | Swamp:1  | Noticed Aizul
 40193 | Swamp:1  | Received a gift from Nemelex Xobeh
 40202 | Swamp:1  | Killed Aizul
 40208 | Swamp:1  | Reached XP level 16. HP: 62/140 MP: 17/24
 42065 | Spider:1 | Noticed Josephine
 42078 | Spider:1 | Killed Josephine
 43145 | Spider:1 | Received a gift from Nemelex Xobeh
 43480 | Spider:1 | Reached skill level 13 in Fighting
 43488 | Spider:1 | You fall into a shaft and drop 1 floor!
 43490 | Spider:2 | Identified a scroll of acquirement
 43491 | Spider:2 | Acquired a manual of Axes
 43492 | Spider:2 | Noticed Donald
 43557 | Spider:2 | Identified the +3 executioner's axe of Makhleb's Approval
                  | {drain, *Slow +Rage Dex+2 Stlth+}
 43591 | Spider:2 | Killed Donald
 44863 | Spider:2 | Found a roughly hewn altar of Beogh.
 44865 | Spider:2 | Received a gift from Nemelex Xobeh
 46588 | Spider:3 | Reached skill level 14 in Fighting
 46653 | Spider:3 | Received a gift from Nemelex Xobeh
 46878 | Orc:2    | Bought a potion of curing for 30 gold pieces
 46878 | Orc:2    | Bought a potion of haste for 100 gold pieces
 46880 | Orc:2    | Bought a potion of curing for 48 gold pieces
 46880 | Orc:2    | Bought a potion of curing for 48 gold pieces
 46880 | Orc:2    | Bought a potion of curing for 48 gold pieces
 47065 | D:4      | Bought a potion of heal wounds for 120 gold pieces
 47824 | Spider:3 | Identified the Catalogue of Earth
 48181 | Swamp:1  | Noticed Louise
 48188 | Swamp:1  | Killed Louise
 48410 | Swamp:1  | Reached XP level 17. HP: 154/154 MP: 25/25
 48681 | Swamp:1  | Received a gift from Nemelex Xobeh
 49035 | Swamp:2  | Reached skill level 15 in Fighting
 49970 | Swamp:2  | Found a blossoming altar of Fedhas.
 50059 | Swamp:2  | Found a transporter.
 50260 | Swamp:2  | Found a transporter.
 50300 | Swamp:2  | Received a gift from Nemelex Xobeh
 50601 | Swamp:2  | Upgraded the game from 0.26-a0-931-g326f72de0d to
                  | 0.26-a0-940-gf7e0b5f775
 50786 | Swamp:3  | Received a gift from Nemelex Xobeh
 51407 | Swamp:4  | Entered Level 4 of the Swamp
 51437 | Swamp:4  | Reached skill level 5 in Evocations
 52208 | Swamp:4  | Received a gift from Nemelex Xobeh
 52229 | Swamp:4  | Reached skill level 15 in Bows
 53388 | Swamp:4  | Got a decaying rune of Zot
 53811 | Spider:4 | Entered Level 4 of the Spider Nest
 53811 | Spider:4 | Identified Roxanne's Compendium of the Mountains
 53811 | Spider:4 | Noticed Roxanne
 53841 | Spider:4 | Noticed Arachne
 53857 | Spider:4 | Killed Roxanne
 54694 | Spider:4 | Received a gift from Nemelex Xobeh
 54708 | Spider:4 | Killed Arachne
 55324 | D:8      | Bought an uncursed ring of protection from magic for 250
                  | gold pieces
 55324 | D:8      | Bought an uncursed ring of protection from fire for 250
                  | gold pieces
 55424 | Vaults:1 | Entered Level 1 of the Vaults
 55834 | Vaults:1 | Received a gift from Nemelex Xobeh
 55914 | Vaults:1 | Reached XP level 18. HP: 166/166 MP: 26/26
 56682 | Vaults:1 | Reached skill level 16 in Fighting
 57143 | Vaults:1 | Received a gift from Nemelex Xobeh
 57155 | Vaults:1 | Reached skill level 15 in Armour
 57390 | Vaults:1 | Reached skill level 1 in Dodging
 58372 | Vaults:1 | Received a gift from Nemelex Xobeh
 58501 | Vaults:2 | Reached skill level 5 in Dodging
 59751 | Vaults:2 | Identified the +4 hand axe "Biuhump" {drain, rF+ Int+3}
 59771 | Vaults:2 | Reached skill level 10 in Dodging
 60211 | Vaults:2 | Identified the Disquisition on Unstable Sinister Arts
 60311 | Vaults:2 | Received a gift from Nemelex Xobeh
 60601 | Vaults:2 | Noticed Xtahua
 60608 | Vaults:2 | Noticed Xtahua
 60608 | Vaults:2 | Xtahua changed into Xtahua the golden dragon
 60620 | Vaults:2 | Killed Xtahua the golden dragon
 61295 | Vaults:2 | Found a staircase to the Crypt.
 61296 | Vaults:2 | Found Vist's Antique Weapon Shoppe.
 62345 | Vaults:2 | Received a gift from Nemelex Xobeh
 62376 | Vaults:2 | Reached XP level 19. HP: 162/172 MP: 24/27
 62755 | Vaults:3 | Found Qimum's Assorted Antiques.
 62779 | Vaults:3 | Found Duleonla's Gadget Emporium.
 62816 | Vaults:3 | Found Koigg's Weapon Boutique.
 62864 | Vaults:3 | Received a gift from Nemelex Xobeh
 63006 | Vaults:3 | Found Ilecyozi's Distillery.
 63012 | Vaults:3 | Bought a potion of curing for 45 gold pieces
 63012 | Vaults:3 | Bought a potion of heal wounds for 75 gold pieces
 63012 | Vaults:3 | Bought a potion of might for 60 gold pieces
 63012 | Vaults:3 | Bought a potion of curing for 45 gold pieces
 63012 | Vaults:3 | Bought a potion of curing for 45 gold pieces
 63012 | Vaults:3 | Bought a potion of curing for 45 gold pieces
 63298 | Vaults:3 | Found a flickering gateway to a bazaar.
 63323 | Bazaar   | Entered a bazaar
 63325 | Bazaar   | Found Zyxevup's Book Boutique.
 63329 | Bazaar   | Found Ovuhy's Weapon Boutique.
 63329 | Bazaar   | Found Neyrusal's Armour Boutique.
 63329 | Bazaar   | Found Ytitok's Book Boutique.
 63357 | Bazaar   | Bought a +3 plate armour of magic resistance for 585 gold
                  | pieces
 64111 | Vaults:3 | Found a large runed translucent door.
 64111 | Vaults:3 | Found a large runed translucent door.
 64111 | Vaults:3 | Found a large runed translucent door.
 64111 | Vaults:3 | Found a large runed translucent door.
 64111 | Vaults:3 | Found a large runed translucent door.
 64111 | Vaults:3 | Found a large runed translucent door.
 64111 | Vaults:3 | Found a large runed translucent door.
 64111 | Vaults:3 | Found a large runed translucent door.
 64111 | Vaults:3 | Noticed DizzySkin's ghost (veteran MiBe)
 64387 | Vaults:3 | Received a gift from Nemelex Xobeh
 65940 | Vaults:4 | Received a gift from Nemelex Xobeh
 66047 | Vaults:4 | Reached skill level 15 in Dodging
 67244 | Vaults:4 | Received a gift from Nemelex Xobeh
 69152 | Spider:4 | Reached XP level 20. HP: 122/181 MP: 3/28
 69464 | Spider:4 | Got a gossamer rune of Zot
 69749 | Elf:1    | Entered Level 1 of the Elven Halls
 69749 | Elf:1    | Received a gift from Nemelex Xobeh
 71250 | Elf:1    | Received a gift from Nemelex Xobeh
 71657 | Elf:1    | Found Bedghir's Gadget Shoppe.
 72667 | Elf:2    | Found Netzuu's Book Shoppe.
 72997 | Elf:2    | Received a gift from Nemelex Xobeh
 73655 | Depths:1 | Entered Level 1 of the Depths
 74368 | Depths:1 | Received a gift from Nemelex Xobeh
 74450 | Depths:1 | Reached skill level 17 in Fighting
 74513 | Depths:1 | Found a sparkling altar of Nemelex Xobeh.
 74536 | Depths:1 | Found a gateway to a ziggurat.
 75122 | Depths:1 | Found a gateway to Hell.
 75844 | Elf:1    | Bought a tin of tremorstones (2/2) for 600 gold pieces
 76222 | Depths:2 | Received a gift from Nemelex Xobeh
 76733 | Depths:2 | Received a gift from Nemelex Xobeh
 76771 | Depths:2 | Reached XP level 21. HP: 179/191 MP: 28/30
 77744 | Depths:2 | Found a one-way gate to the infinite horrors of the Abyss.
 77775 | Depths:2 | Received a gift from Nemelex Xobeh
 78488 | Depths:2 | Reached skill level 10 in Evocations
 78988 | Depths:2 | Received a gift from Nemelex Xobeh
 79470 | Depths:3 | Acquired 590 gold pieces
 80017 | Depths:3 | Found Ozaov's Magic Scroll Emporium.
 80473 | Depths:3 | Bought a scroll of fog for 38 gold pieces
 80473 | Depths:3 | Bought a scroll of fear for 66 gold pieces
 80599 | Depths:3 | Found Toshua Dala's Gadget Shop.
 80599 | Depths:3 | Found Fulok's Jewellery Shoppe.
 80600 | Depths:3 | Found Acsekkeho's Jewellery Shoppe.
 80660 | Depths:3 | Bought the ring "Gid Qono" {rF+ MR+ Int+6 Dex-3 Stlth+} for
                  | 673 gold pieces
 82498 | Elf:3    | Entered Level 3 of the Elven Halls
 82574 | Elf:3    | Received a gift from Nemelex Xobeh
 82641 | Elf:3    | Reached skill level 18 in Fighting
 83637 | Elf:3    | Identified the +10 spear of Labuss {freeze, +Blink}
 83637 | Elf:3    | Identified the +1 robe "Polats" {Harm Str+2 Int+4}
 83792 | Elf:3    | Reached XP level 22. HP: 203/203 MP: 31/31
 84088 | Elf:3    | Reached skill level 19 in Fighting
 84463 | Elf:3    | Identified the +3 broad axe "Fyrghigaf" {antimagic, *Drain
                  | +Blink rN+ Int+7}
 84463 | Elf:3    | Identified the amulet "Kouzef" {Spirit rN+ Dex+3 SInv}
 85390 | Elf:3    | Identified the Handbook of Orientation and Confrontation
 85394 | Elf:3    | Identified the Handbook of Beguiling
 85427 | Elf:3    | Identified Pyul's Almanac of Unstable Envenoming
 85703 | Elf:3    | Received a gift from Nemelex Xobeh
 86547 | Swamp:2  | Got a glittering lapis lazuli ring
 86548 | Swamp:2  | Identified the ring of Jozicw {rF- rC++ MP+9 Int+2} (You
                  | found it on level 2 of the Swamp)
 86552 | Swamp:2  | Identified the cursed +0 pair of boots of Zin's Righteous
                  | Anger {Int+2} (You found it on level 2 of the Swamp)
 86970 | D:10     | Killed robertstho's ghost
 87606 | Lair:3   | Killed Luuwnalu's ghost
 87831 | Lair:5   | Reached skill level 20 in Fighting
 87839 | Lair:5   | Killed Ypehuijo's ghost
 87953 | Lair:6   | Killed Xeduwoy's ghost
 88396 | Orc:1    | Killed Xuonedoj's ghost
 88644 | Vaults:3 | HP: 15/312 [DizzySkin's ghost (29)]
 88645 | Vaults:3 | Killed DizzySkin's ghost
 89981 | Depths:4 | Noticed Boris
 90001 | Depths:4 | Killed Boris
 90382 | Depths:4 | Noticed Jory
 90900 | Depths:4 | Noticed a golden dragon
 90913 | Depths:4 | Killed a golden dragon
 91335 | Depths:4 | Killed Jory
 91743 | Depths:4 | Identified the +6 dagger "Nuibre" {protect, +Blink rElec}
                  | (You found it on level 4 of the Depths)
 91751 | Depths:4 | Identified the +2 pair of gloves of Valour {rPois Str-4
                  | SInv} (You found it on level 4 of the Depths)
 92142 | Depths:4 | Noticed a juggernaut
 92167 | Depths:4 | Killed a juggernaut
 92178 | Depths:4 | Paralysed by a floating eye for 4 turns
 92185 | Depths:4 | Reached XP level 23. HP: 184/216 MP: 24/32
 92369 | Depths:4 | Noticed a juggernaut
 92386 | Depths:4 | Killed a juggernaut
 93085 | Depths:5 | Entered Level 5 of the Depths
 93125 | Depths:3 | Bought a box of beasts for 480 gold pieces
 93130 | Depths:3 | Learned a level 2 spell: Blink
 93132 | Depths:3 | Learned a level 1 spell: Apportation
 93546 | Elf:3    | Learned a level 2 spell: Swiftness
 93661 | Elf:1    | Bought a wand of acid (8) for 360 gold pieces
 93661 | Elf:1    | Bought a wand of digging (4) for 240 gold pieces
 93661 | Elf:1    | Bought a wand of paralysis (11) for 195 gold pieces
 93661 | Elf:1    | Bought a wand of polymorph (9) for 165 gold pieces
 93661 | Elf:1    | Bought a wand of random effects (21) for 172 gold pieces
 94369 | Crypt:1  | Entered Level 1 of the Crypt
 94387 | Crypt:1  | Reached skill level 1 in Air Magic
 94791 | Crypt:1  | Received a gift from Nemelex Xobeh
 95388 | Crypt:1  | Reached skill level 5 in Air Magic
 96613 | Crypt:2  | Received a gift from Nemelex Xobeh
 97446 | Crypt:2  | Identified the +10 falchion "Sarcophage" {antimagic, Int+2}
                  | (You found it on level 2 of the Crypt)
 97544 | Crypt:2  | Received a gift from Nemelex Xobeh
 98037 | Crypt:3  | Entered Level 3 of the Crypt
 98105 | Crypt:3  | Reached skill level 1 in Spellcasting
 98627 | Crypt:3  | Received a gift from Nemelex Xobeh
 99109 | Crypt:3  | Found an ancient bone altar of Kikubaaqudgha.
 99111 | Crypt:3  | Noticed an ancient lich
 99124 | Crypt:3  | Killed an ancient lich
 99543 | Crypt:3  | Learned a level 1 spell: Animate Skeleton
 99560 | Crypt:3  | Received a gift from Nemelex Xobeh
 99767 | Crypt:3  | Found a staircase to the Tomb.
 99814 | Crypt:3  | Reached skill level 5 in Spellcasting
 99874 | Crypt:3  | Identified the Guide on Heat
101139 | Depths:5 | Reached XP level 24. HP: 193/224 MP: 24/32
101146 | Depths:5 | Reached skill level 1 in Necromancy
101279 | Depths:5 | Reached skill level 5 in Necromancy
101846 | Depths:5 | Received a gift from Nemelex Xobeh
101861 | Depths:5 | Found a gate to the Realm of Zot.
103176 | Slime:1  | Entered Level 1 of the Pits of Slime
103575 | Slime:1  | Reached skill level 1 in Translocations
103812 | Slime:1  | Received a gift from Nemelex Xobeh
103918 | Slime:2  | Gained mutation: You are clumsy. (Dex -2) [a shining eye]
104392 | Slime:4  | Gained mutation: Your magical capacity is low. (-10% MP) [a
                  | shining eye]
104548 | Slime:5  | Entered Level 5 of the Pits of Slime
104764 | Slime:5  | Reached skill level 5 in Translocations
104953 | Slime:5  | Noticed the Royal Jelly
105002 | Slime:5  | Killed the Royal Jelly
105128 | Slime:5  | Received a gift from Nemelex Xobeh
105256 | Slime:5  | Acquired a +0 hat of magic resistance
105271 | Slime:5  | Identified the +5 morningstar "Woutsy Leeti" {vamp, MR+
                  | Str+2} (You found it on level 5 of the Pits of Slime)
105282 | Slime:5  | Found the +8 storm bow {elec, penet}
105288 | Slime:5  | Reached skill level 21 in Fighting
105288 | Slime:5  | Reached XP level 25. HP: 233/233 MP: 29/29
105420 | Slime:5  | Got a slimy rune of Zot
105519 | Slime:5  | Received a gift from Nemelex Xobeh
106169 | Vaults:3 | Learned a level 4 spell: Passage of Golubria
106174 | Vaults:3 | Learned a level 4 spell: Animate Dead
106178 | Vaults:3 | Learned a level 3 spell: Mephitic Cloud
106180 | Vaults:3 | Learned a level 1 spell: Corona
106183 | Vaults:3 | Learned a level 2 spell: Passwall
106575 | Vaults:3 | Bought a potion of berserk rage for 75 gold pieces
106575 | Vaults:3 | Bought a potion of brilliance for 60 gold pieces
106575 | Vaults:3 | Bought a potion of mutation for 120 gold pieces
106575 | Vaults:3 | Bought a potion of mutation for 120 gold pieces
106801 | Orc:2    | Bought a potion of cancellation for 80 gold pieces
106801 | Orc:2    | Bought a potion of attraction for 30 gold pieces
106803 | Orc:2    | Bought a potion of attraction for 48 gold pieces
106803 | Orc:2    | Bought a potion of mutation for 128 gold pieces
106995 | D:4      | Bought a potion of haste for 190 gold pieces
107273 | Vaults:3 | Bought a wand of acid (7) for 396 gold pieces
107273 | Vaults:3 | Bought a wand of acid (7) for 396 gold pieces
107279 | Vaults:3 | Bought a wand of disintegration (17) for 378 gold pieces
107279 | Vaults:3 | Bought a wand of disintegration (23) for 486 gold pieces
107478 | Zig:1    | Entered Level 1 of a ziggurat
107535 | Zig:2    | Entered Level 2 of a ziggurat
107607 | Zig:3    | Entered Level 3 of a ziggurat
107615 | Zig:3    | Noticed Daocen the pandemonium lord
107618 | Zig:3    | Reached XP level 26. HP: 180/242 MP: 16/22
107620 | Zig:3    | Killed Daocen the pandemonium lord
107827 | Zig:4    | Entered Level 4 of a ziggurat
108137 | Zig:5    | Entered Level 5 of a ziggurat
108358 | Zig:6    | Entered Level 6 of a ziggurat
108496 | Zig:6    | Noticed a royal mummy
108516 | Zig:6    | Killed a royal mummy
109208 | Zig:6    | Identified the Disquisition on Sinister Magic and
                  | Displacement
109214 | Zig:6    | Identified the +1 pair of boots "Fedyun" {rN+} (You found
                  | it on level 6 of a ziggurat)
109244 | Zig:6    | Got a pitted pewter ring
109247 | Zig:6    | Identified the ring "Hiastrixt" {rF+ Str+4} (You found it
                  | on level 6 of a ziggurat)
109265 | Zig:7    | Entered Level 7 of a ziggurat
109280 | Zig:7    | Paralysed by a floating eye for 4 turns
109457 | Zig:7    | Got a wavering tin amulet
109458 | Zig:7    | Identified the amulet of Lunaneah {Inacc rF+++ rC- rN+++
                  | Dex-5} (You found it on level 7 of a ziggurat)
109508 | Zig:8    | Entered Level 8 of a ziggurat
109868 | Zig:8    | Identified the +6 pearl dragon scales "Moxkam" {+Inv rPois
                  | rN+ Regen+ SInv} (You found it on level 8 of a ziggurat)
109919 | Zig:9    | Entered Level 9 of a ziggurat
109927 | Zig:9    | Received a gift from Nemelex Xobeh
109939 | Zig:9    | Noticed Ogollum the pandemonium lord
109940 | Zig:9    | Noticed Umoschu the pandemonium lord
110285 | Zot:1    | Entered Level 1 of the Realm of Zot
110325 | Zot:1    | Reached skill level 1 in Earth Magic
110372 | Zot:1    | HP: 2/244 [golden dragon (11)]
110372 | Zot:1    | Slain by a golden dragon

Illustrated notes

Levels and vault maps discovered:
D:1:      arrival_aquarium_a, layout_rooms, chequers_jeans, minmay_octomino_e4
D:2:      layout_rooms, nemelex_lonely_heart_becter
D:3:      layout_loops_ring, nicolae_overflow_hidden_temple
D:4:      layout_basic, minitemple, serial_shops, shop, shop,
          nicolae_shop_overgrown_old_shop, shop, shop, minmay_distorted,
          uniq_sigmund, uniq_menkaure, uniq_duvessa
D:5:      layout_basic
D:6:      layout_loops_ring, cheibrodos_worm_habitat, lemuel_round_altar,
          palyth_stone_intersect, hex_tiny, uniq_maggie
D:7:      layout_basic, elyvilon_altar_5, kennysheep_mini_moat,
          minmay_temple_entry_offerings
D:8:      minmay_evil_eye, layout_basic, nicolae_ru_awakened_eye,
          erik_lair_island, serial_shops, shop
D:9:      layout_cave_pools, nicolae_ashenzari_panopticon, minmay_holes,
          uniq_erolcha
D:10:     layout_gridville, serial_shops, shop_statue,
          ebering_ghost_funeral_grove, uniq_joseph
D:11:     minmay_bubble_buster, layout_basic, minmay_diamond_spiral
D:12:     layout_rooms, serial_shops, shop_coins, special_room
          [special_room_orc], uniq_nergalle
D:13:     layout_loops_corners, serial_shops, statue_bzr, uniq_maurice,
          uniq_jorgrun, uniq_sonja
D:14:     layout_cave_pools, david_vaults_1
D:15:     grunt_enter_depths_magical_seal, layout_gridville,
          chequers_serial_rivers_room_b, minmay_statue_bubble
Lair:1:   layout_loops_ring, serial_bayou_shore_a, uniq_urug
Lair:2:   layout_chaotic_city, minmay_swamp_entry_swarm, beast_lair_carwin_3
Lair:3:   layout_chaotic_city, dummy_spider_entry, gauntlet_entry_generic,
          ebering_ghost_inner_flame, grunt_megastairs_2,
          infiniplex_staircase_pool, uniq_prince_ribbit2
Lair:4:   layout_loops_ring
Lair:5:   layout_small_grid, dpeg_slime_entry_enclosed_altar,
          ebering_ghost_funeral_grove
Lair:6:   cheibrodos_lair_end_hotspot, layout_hall_layers,
          ebering_ghost_rock_garden, minivault_24, wad_woods_06,
          chequers_serial_rivers_small_b
Swamp:1:  layout_basic_swamp, nicolae_swamp_dense_foliage, swamp_pool3,
          cheibrodos_swamp_pet_leeches, uniq_louise, uniq_aizul
Swamp:2:  gammafunk_worm_tunnel, layout_basic_swamp, basic_altar, swamp_pool5
Swamp:3:  layout_basic_swamp, evilmike_swamp_ruin_rubble_2, swamp_pool4
Swamp:4:  swamp_basic_johnstein, layout_basic_swamp, swamp_pool5
Spider:1: layout_chambers, uniq_josephine
Spider:2: nicolae_spider_mines_2, uniq_donald
Spider:3: layout_spider_delve, nicolae_orb_island
Spider:4: grunt_spider_rune_circles, nicolae_spider_circle_web, drop_trap,
          uniq_roxanne, uniq_arachne
Slime:1:  layout_caves
Slime:2:  layout_caves
Slime:3:  layout_caves
Slime:4:  layout_caves
Slime:5
Orc:1:    layout_caves, ebering_ghost_disaster_area
Orc:2:    pf_orc_diabolical, layout_diamond_mine, portal_ice_cave_entry_imps
Elf:1:    layout_geoelf_octagon, serial_shops, shop, minmay_elf_crystal_hexagon,
          chequers_big_river
Elf:2:    layout_gridlike, serial_shops, shop, st_stairs_10,
          minmay_checkered_concentric_circles
Elf:3:    minmay_elf_hall_furrowed, layout_geoelf_castle, grunt_megastairs_3
Vaults:1: v_misc_17, v_misc_10, ontoclasm_vaults_gateway, vaults_dpeg_ring,
          nicolae_vaults_mini_display_case, nicolae_vaults_theta, v_pattern_2,
          layout_vaults_quadrants
Vaults:2: st_greater_box_4, v_misc_10, grunt_vaults_trifunnel,
          nicolae_vaults_circle_grid_a, hangedman_vaults_snaps,
          vaults_standard_mumra_x, hangedman_vaults_impose,
          ontoclasm_vaults_twist, nicolae_vaults_three_branches,
          nicolae_vaults_little_squares_6, nicolae_vaults_circle_grid_b,
          nicolae_vaults_little_squares_2, vaults_room_corners,
          vaults_dpeg_diagonal, layout_vaults_omnibox,
          minmay_crypt_entry_simple_box, serial_shops, shop, uniq_xtahua
Vaults:3: advil_vaults_ghost_lines, dpeg_vaults_monster_row,
          vaults_room_stairs_pillars, grunt_vaults_hallway_long,
          ontoclasm_vaults_ligature, hangedman_vaults_stitches,
          ontoclasm_vaults_eye, nicolae_vaults_sealed_display,
          hangedman_vaults_capsules, nicolae_vaults_angled_halls, v_pattern_3,
          layout_vaults_big_room, serial_shops, bzr_firewalk,
          nicolae_shop_trees, nicolae_shop_statue_plus, shop, shop_fountains,
          uniq_margery
Vaults:4: hangedman_vaults_slither, v_rooms_6, vaults_room_door_hall,
          vaults_room_fours, v_misc_33, nicolae_vaults_little_squares_5,
          nicolae_vaults_specimen_jars, v_misc_2, vaults_room_large_hall,
          st_cells, v_misc_25, vaults_room_hallway, layout_vaults_big_cross
Crypt:1:  layout_misc_corridors, grunt_megastairs_5
Crypt:2:  layout_gridlike, grunt_ministairs_12, nicolae_crypt_little_mausoleum
Crypt:3:  quadcrypt_mu
Depths:1: layout_roguey, enter_ziggurat_c, grunt_hell_entry_dis_mu,
          marbit_kobold_abyss_entry, minmay_fountain_box,
          minmay_misc_feat_roman, nemelex_altar_shiori
Depths:2: minmay_the_grid_3x3 [minmay_the_grid_zigzag_pyramid,
          minmay_the_grid_embedded, minmay_the_grid_rooms, minmay_the_grid_mess,
          minmay_the_grid_gridbox, minmay_the_grid_minigrid_medium,
          minmay_the_grid_stretched_grid, minmay_the_grid_large_cup,
          minmay_the_grid_prize_inner_circle], layout_cave_shapes, hell_entry,
          abyss_entry_small_statue_room, hangedman_abyss_or_decor_lesser_grid
Depths:3: hangedman_elemental_death_ray, layout_honeycomb,
          rand_demon_pan_entry_1, hangedman_coc_ice_floe, serial_shops,
          shop_statue, grunt_decor_cap, infiniplex_staircase_pillars_3a,
          minmay_shop_grove
Depths:4: little_maze_vault, layout_twisted_cross, minmay_misc_feat_tower,
          abyss_entry, hell_entry, minmay_staircase_bubble, uniq_boris,
          uniq_jory
Depths:5: grunt_crosshair, layout_cave_pools, abyss_entry, hell_entry,
          chequers_decorated_corner
Zot:1:    layout_misc_corridors

Skill      XL: |  1  2  3  4  5  6  7  8  9 10 11 12 13 14 15 16 17 18 19 20 21 22 23 24 25 26 |
---------------+-------------------------------------------------------------------------------+-----
Maces & Flails | 3 4 5 6 7 8 9 |  9.4
Fighting       | 5 6 11 12 14 15 16 17 18 20 21 | 21.0
Armour         | 6 7 8 10 13 14 15 16 19 20 | 20.1
Invocations    | 3 7 9 10 11 12 13 14 | 14.2
Bows           | 3 6 8 11 13 14 16 17 | 17.0
Evocations     | 4 5 6 12 | 12.0
Axes           | 1 10 11 13 15 16 19 | 19.5
Dodging        | 11 17 18 | 18.4
Air Magic      | 9 |  9.6
Spellcasting   | 6 7 9 |  9.0
Necromancy     | 7 |  7.0
Translocations | 7 8 |  8.0
Earth Magic    | 4 |  4.9
Shields        | |  3.6

Action                   |  1- 3 |  4- 6 |  7- 9 | 10-12 | 13-15 | 16-18 | 19-21 | 22-24 | 25-27 || total
-------------------------+-------+-------+-------+-------+-------+-------+-------+-------+-------++-------
Melee: Flail             |    75 |   108 |   198 |    14 |       |       |       |       |       ||   395
       Headbutt          |     9 |    13 |    34 |    58 |    99 |   144 |   220 |   323 |    34 ||   934
       War axe           |       |       |       |   197 |   146 |       |       |       |       ||   343
       Battleaxe         |       |       |       |       |   298 |   632 |   702 |  1040 |   136 ||  2808
       Longbow           |       |       |       |       |       |     1 |       |       |       ||     1
       Dagger            |       |       |       |       |       |       |       |       |     1 ||     1
 Fire: Longbow           |       |       |   162 |   368 |   916 |   935 |  1382 |   779 |    72 ||  4614
Throw: Dart              |       |    12 |    68 |       |       |       |       |       |       ||    80
       Stone             |       |       |       |       |       |       |       |     9 |       ||     9
 Cast: Animate Skeleton  |       |       |       |       |       |       |       |    13 |       ||    13
       Swiftness         |       |       |       |       |       |       |       |     1 |       ||     1
       Apportation       |       |       |       |       |       |       |       |       |    19 ||    19
       Blink             |       |       |       |       |       |       |       |       |    11 ||    11
       Passage of Golubr |       |       |       |       |       |       |       |       |    10 ||    10
Invok: Draw Summoning    |       |       |     1 |    14 |     7 |    19 |    17 |    10 |     3 ||    71
       Draw Destruction  |       |       |       |     7 |    47 |    48 |    35 |    47 |     3 ||   187
       Draw Escape       |       |       |       |     2 |     1 |     6 |       |     7 |    11 ||    27
       Deal Four         |       |       |       |       |     1 |       |       |     4 |     2 ||     7
Evoke: Wand              |       |       |    11 |     7 |    28 |    34 |     1 |    33 |    21 ||   135
       Phantom mirror    |       |       |       |       |     3 |     7 |     2 |     8 |     2 ||    22
       Lightning rod     |       |       |       |       |       |     8 |     7 |    31 |     3 ||    49
       Condenser vane    |       |       |       |       |       |     1 |     6 |     9 |     4 ||    20
       Tin of tremorston |       |       |       |       |       |       |     3 |    13 |     2 ||    18
       Phial of floods   |       |       |       |       |       |       |     1 |     6 |     1 ||     8
       Box of beasts     |       |       |       |       |       |       |       |     6 |     3 ||     9
  Use: Scroll            |       |    11 |    16 |     9 |    11 |    16 |    15 |    21 |    19 ||   118
       Potion            |       |     2 |     1 |     4 |     6 |    25 |     2 |     9 |    11 ||    60
 Stab: Invisible         |       |       |     1 |     1 |       |     7 |       |       |       ||     9
       Paralysed         |       |       |       |       |       |     3 |       |     3 |       ||     6
       Distracted        |       |       |       |       |       |     2 |     1 |     3 |       ||     6
       Sleeping          |       |       |       |       |       |       |     1 |       |       ||     1
Armor: Scale mail        |    31 |     2 |       |       |       |       |       |       |       ||    33
       Chain mail        |       |    58 |   159 |    63 |       |       |       |       |       ||   280
       Plate armour      |       |       |       |   361 |   789 |  1073 |   584 |   836 |     4 ||  3647
       Pearl dragon scal |       |       |       |       |       |   146 |    16 |       |   191 ||   353
Dodge: Dodged            |    27 |    19 |    83 |   167 |   333 |   576 |   697 |   924 |   272 ||  3098
Block: Kite shield       |    60 |    64 |    68 |       |       |       |       |       |       ||   192

Table legend: (Time is in decaauts)
 A = Elapsed time spent in this place.
 B = Non-inter-level travel time spent in this place.
 C = Inter-level travel time spent in this place.
 D = Time resting spent in this place.
 E = Time spent auto-exploring this place.
 F = Levels seen in this place.
 G = Mean time per level.
                   A        B        C        D        E       F      G
               +--------+--------+--------+--------+--------+-----+--------+
         Total | 109795 |  97552 |  12243 |  44593 |  35529 |  63 | 1742.8 |
       Dungeon |  25091 |  20227 |   4864 |   6807 |   9620 |  15 | 1672.7 |
          Lair |  17618 |  15960 |   1658 |   9811 |   4456 |   6 | 2936.3 |
         Swamp |   6589 |   6302 |    287 |   2903 |   2189 |   4 | 1647.2 |
   Spider Nest |   9919 |   9520 |    399 |   4839 |   3048 |   4 | 2479.8 |
    Slime Pits |   2329 |   2303 |     26 |   1150 |    434 |   5 |  465.8 |
  Orcish Mines |   4022 |   3370 |    652 |   1322 |   1339 |   2 | 2011.0 |
   Elven Halls |   7678 |   6768 |    910 |   2977 |   2426 |   3 | 2559.3 |
        Vaults |  14038 |  12328 |   1710 |   5846 |   4553 |   4 | 3509.5 |
         Crypt |   6209 |   5731 |    478 |   1744 |   2761 |   3 | 2069.7 |
        Depths |  13585 |  12327 |   1258 |   5389 |   4539 |   5 | 2717.0 |
           Zot |     82 |     82 |      0 |      0 |     10 |   1 |   82.0 |
      Ziggurat |   2472 |   2472 |      0 |   1802 |     85 |   9 |  274.7 |
        Bazaar |    157 |    157 |      0 |      0 |     67 |   2 |   78.5 |
               +--------+--------+--------+--------+--------+-----+--------+

Top non-repeatable levels by time:
  Lair:6: 5418 daAuts
Vaults:2: 4926 daAuts
Depths:4: 3903 daAuts
  Lair:2: 3644 daAuts
   Elf:3: 3603 daAuts
Vaults:1: 3327 daAuts
   Orc:2: 3214 daAuts
Depths:2: 3203 daAuts
Depths:3: 3183 daAuts
Vaults:3: 3176 daAuts
Spider:1: 2966 daAuts
Spider:4: 2813 daAuts
  Lair:3: 2758 daAuts
  Lair:1: 2708 daAuts
 Crypt:3: 2607 daAuts
